 Dungeon Crawl Stone Soup version 0.31-a0-268-g4392ee761c (webtiles) character file.

Game seed: 1804967633946829374

592 qw the Shooter (level 7, -3/59 HPs)
             Began as a Minotaur Hexslinger on July 14, 2023.
             Was an Initiate of Okawaru.
             Killed by divine providence
             ... invoked by an orc priest
              (13 damage)
             ... on level 5 of the Dungeon.
             The game lasted 00:01:38 (3445 turns).

qw the Shooter (Minotaur Hexslinger)                Turns: 3445, Time: 00:01:38

Health: -3/59      AC:  4    Str: 12    XL:     7   Next: 16%
Magic:  4/7        EV: 15    Int: 10    God:    Okawaru [......]
Gold:   192        SH:  0    Dex: 15    Spells: 7/8 levels left

rFire   . . .        Y - +2 sling
rCold   . . .        (no shield)
rNeg    . . .        c - +2 animal skin
rPois   .            (helmet restricted)
rElec   .            (no cloak)
rCorr   .            (no gloves)
SInv    +            (no boots)
Will    .....        (no amulet)
Stlth   +++          b - ring of see invisible
HPRegen 0.29/turn    (no ring)
MPRegen 0.10/turn

%: no passive effects
@: heroic
A: horns 2, retaliatory headbutt
a: Renounce Religion


You were on level 5 of the Dungeon.
You worshipped Okawaru.
Okawaru was noncommittal.
You visited 1 branch of the dungeon, and saw 5 of its levels.

You collected 192 gold pieces.


Innate Abilities, Weirdness & Mutations

You have a pair of horns on your head.
You reflexively headbutt those who attack you in melee.


   Skills:
 - Level 4.0(9.0) Fighting
 + Level 7.8(12.8) Ranged Weapons
 - Level 1.0(6.0) Armour
 - Level 2.1(7.1) Dodging
 - Level 1.0 Spellcasting
 - Level 2.0 Hexes


You had 7 spell levels left.
You knew the following spells:

 Your Spells              Type           Power      Damage    Failure   Level
a - Slow                  Hex            16%        N/A       16%         1

Your spell library contained the following spells:

 Spells                   Type           Power      Damage    Failure   Level
 Inner Flame              Hex/Fire       2%         N/A       56%         3
 Portal Projectile        Hex/Tloc       4%         N/A       56%         3
 Cause Fear               Hex            2%         N/A       83%         4

Inventory:

Hand Weapons
 Y - a +2 sling (weapon)
Armour
 c - a +2 animal skin (worn)
Jewellery
 b - a ring of see invisible (left hand)
 j - a ring of fire
Scrolls
 d - a scroll of immolation {unknown}
 e - a scroll of brand weapon {unknown}
 h - a scroll of identify
Potions
 a - a potion of curing
 g - a potion of attraction {unknown}
 i - a potion of might {unknown}
 k - a potion of mutation {unknown}
 l - a potion of cancellation {unknown}
 n - a potion of resistance {unknown}
 o - a potion of enlightenment {unknown}
 q - 3 potions of brilliance {unknown}

Dungeon Overview and Level Annotations

Branches:
Dungeon (5/15)             Temple (0/1) D:4

Altars:
Okawaru
Trog


Message History

The iguana is lightly wounded.
You feel like a meek peon again. The orc hits you with a +0 club.
The iguana barely misses you.
You shoot a sling bullet. The sling bullet hits the iguana.
The iguana is moderately wounded.
The orc misses you. The iguana bites you.
You shoot a sling bullet. The sling bullet hits the iguana!
The iguana is severely wounded.
The orc priest looks satisfied for a moment.
The orc barely misses you. The iguana bites you.
You shoot a sling bullet.
The sling bullet closely misses the iguana.
The sling bullet barely misses the orc priest.
The orc hits you but does no damage. The iguana barely misses you.
You furiously retaliate!
You headbutt the iguana!
You kill the iguana!
Okawaru accepts your kill.
You can now gain great but temporary skills.
3441 ||| INVOKING Heroism.
You fail to use your ability.
The orc hits you with a +0 club.
The orc priest mumbles some strange prayers to Beogh against you.
Pain shoots through your body!
3442 ||| INVOKING Heroism.
You gain the combat prowess of a mighty hero.
You can no longer gain great but temporary skills.
The orc priest barely misses you. The orc closely misses you.
You furiously retaliate!
You headbutt the orc. You shoot a sling bullet. The sling bullet hits the orc!
You kill the orc!
Okawaru accepts your kill. The orc priest hits you with a +0 club.
You shoot a sling bullet. The sling bullet hits the orc priest.
The orc priest is severely wounded.
You shoot a sling bullet.
The sling bullet closely misses the orc priest.
The orc barely misses you. You furiously retaliate!
You headbutt the orc. The orc closely misses you.
The orc priest calls down the wrath of Beogh upon you.
Beogh smites you!
You die...

## ### ... . #.
#.####... .##.
##>###...#...#
...##............#
#....#>..........
#.###.(..#.........#
..#.#...##..ooo..#
.............@## #
...........#)..#.# #
#.......###..#.#..
#.......###......
..##............##..
.........[.##.....###
...........####.....#..
..........####.........
.........###...#...#...


You could see an orc priest and 2 orcs.

Vanquished Creatures
  Sigmund (D:2)
  A hound (D:5)
  An orc priest (D:4)
  Terence (D:3)
  4 iguanas (D:5)
  A sleepcap (D:4)
  2 orc wizards (D:4)
  Robin (D:3)
  4 adders
  An ufetubus (D:5)
  2 worms (D:2)
  4 dart slugs
  4 orcs
  8 ball pythons
  A bat (D:1)
  5 endoplasms
  3 giant cockroaches
  13 hobgoblins
  5 jackals (D:1)
  9 kobolds
  5 quokkas
  2 frilled lizards (D:1)
  21 goblins
  6 rats
105 creatures vanquished.

Notes
Turn   | Place    | Note
-------+----------+-------------------------------------------
     0 | D:1      | qw the Minotaur Hexslinger began the quest for the Orb.
     0 | D:1      | Reached XP level 1. HP: 16/16 MP: 1/1
     0 | D:1      | 0 ||| qw: Version: 0.3-a-52-g30416fa
     0 | D:1      | 0 ||| qw: Game counter: 7919
     0 | D:1      | 0 ||| qw: Melee chars always use a shield: true
     0 | D:1      | 0 ||| qw: God list: Okawaru
     0 | D:1      | 0 ||| qw: Allow faded altars: false
     0 | D:1      | 0 ||| qw: Do Orc after clearing Dungeon:15 true
     0 | D:1      | 0 ||| qw: Do second Lair branch before Depths: true
     0 | D:1      | 0 ||| qw: Lair rune preference: random
     0 | D:1      | 0 ||| qw: Goals: Normal
     0 | D:1      | 0 ||| PLANNING D:1-11
   118 | D:1      | Reached skill level 3 in Ranged Weapons
   118 | D:1      | Reached XP level 2. HP: 21/23 MP: 2/2
   174 | D:1      | 174 ||| FLEEEEING.
   370 | D:1      | Reached XP level 3. HP: 29/29 MP: 3/3
   548 | D:1      | 548 ||| UPGRADING to +0 ring mail.
   558 | D:1      | 558 ||| DROPPING +0 robe.
   559 | D:1      | 559 ||| READING scroll labelled GUDIOF IGRESSO.
   560 | D:1      | 560 ||| READING 2 scrolls labelled OJURPHA ITSI.
   561 | D:1      | 561 ||| READING scroll labelled ANUECS OTHOSS.
   562 | D:1      | 562 ||| DROPPING scroll of poison.
   810 | D:2      | Reached skill level 4 in Ranged Weapons
   967 | D:2      | Reached skill level 1 in Armour
  1202 | D:2      | Noticed Sigmund
  1212 | D:2      | 1212 ||| READING scroll labelled DAPHIU ZARRIFOI.
  1215 | D:2      | 1215 ||| FLEEEEING.
  1216 | D:2      | 1216 ||| FLEEEEING.
  1217 | D:2      | 1217 ||| FLEEEEING.
  1236 | D:2      | Killed Sigmund
  1237 | D:2      | Reached skill level 6 in Ranged Weapons
  1237 | D:2      | Reached XP level 4. HP: 16/36 MP: 4/4
  1237 | D:2      | Reached XP level 5. HP: 18/41 MP: 5/5
  1445 | D:2      | Found an iron altar of Okawaru.
  1446 | D:2      | 1446 ||| PLANNING OKAWARU WORSHIP
  1446 | D:2      | 1446 ||| UPGRADING to ring of see invisible.
  1447 | D:2      | 1447 ||| READING 2 scrolls of identify.
  1447 | D:2      | 1447 ||| IDENTIFYING amethyst potion
  1453 | D:2      | Became a worshipper of Warmaster Okawaru
  1454 | D:2      | 1454 ||| PLANNING D:1-11
  1636 | D:3      | Noticed Robin
  1639 | D:3      | 1639 ||| Stepping ~*~*~tactically~*~*~ (outnumbered).
  1651 | D:3      | Killed Robin
  1662 | D:3      | 1662 ||| FLEEEEING.
  1663 | D:3      | 1663 ||| FLEEEEING.
  1664 | D:3      | 1664 ||| FLEEEEING.
  1665 | D:3      | 1665 ||| FLEEEEING.
  1666 | D:3      | 1666 ||| FLEEEEING.
  1667 | D:3      | 1667 ||| FLEEEEING.
  1668 | D:3      | 1668 ||| FLEEEEING.
  1669 | D:3      | 1669 ||| STAIRDANCE
  1722 | D:3      | 1722 ||| STAIRDANCE
  1794 | D:3      | 1794 ||| Stepping ~*~*~tactically~*~*~ (water).
  1869 | D:3      | Reached skill level 3 in Fighting
  1869 | D:3      | Reached XP level 6. HP: 48/51 MP: 6/6
  2001 | D:3      | Noticed Terence
  2006 | D:3      | Killed Terence
  2219 | D:3      | 2219 ||| UPGRADING to +2 animal skin.
  2229 | D:3      | 2229 ||| DROPPING +0 ring mail.
  2230 | D:3      | 2230 ||| READING scroll labelled XELOUT ACRAD.
  2231 | D:3      | 2231 ||| READING scroll labelled OMAPEM TONOUGI.
  2232 | D:3      | 2232 ||| READING scroll labelled RATEMY AGAH.
  2565 | D:4      | Found a staircase to the Ecumenical Temple.
  2583 | D:4      | Found a bloodstained altar of Trog.
  2753 | D:4      | 2753 ||| Stepping ~*~*~tactically~*~*~ (outnumbered).
  2756 | D:4      | 2756 ||| Stepping ~*~*~tactically~*~*~ (outnumbered).
  2772 | D:4      | Reached skill level 7 in Ranged Weapons
  3151 | D:4      | 3151 ||| READING 3 scrolls of identify.
  3151 | D:4      | 3151 ||| IDENTIFYING cyan potion
  3152 | D:4      | 3152 ||| READING 2 scrolls of identify.
  3152 | D:4      | 3152 ||| IDENTIFYING grey potion
  3153 | D:4      | 3153 ||| DROPPING potion of degeneration.
  3154 | D:4      | 3154 ||| DROPPING potion of lignification.
  3189 | D:5      | Entered Level 5 of the Dungeon
  3354 | D:5      | Reached * piety under Okawaru
  3355 | D:5      | Reached XP level 7. HP: 47/59 MP: 7/7
  3425 | D:5      | 3425 ||| INVOKING Heroism.
  3441 | D:5      | 3441 ||| INVOKING Heroism.
  3441 | D:5      | HP: 13/59 [orc priest/nerve-wracking pain (3)]
  3442 | D:5      | 3442 ||| INVOKING Heroism.
  3445 | D:5      | Killed from afar by an orc priest

Levels and vault maps discovered:
D:1:      lemuel_arrival_broad_hall, layout_rooms, ebering_dispersal_statue_hall
D:2:      layout_basic, basic_altar, serial_bayou_lagoon_b, uniq_sigmund
D:3:      layout_rooms, serial_bayou_lake_a, uniq_terence, uniq_robin
D:4:      layout_basic, trog_hazing_becter, minmay_temple_entry_mist
D:5:      layout_cave_pools, serial_shops, nicolae_shop_gibbet_a_chance

Skill      XL: |  1  2  3  4  5  6 |
---------------+-------------------+-----
Ranged Weapons | 3 6 7 |  7.8
Fighting       | 2 3 4 |  4.0
Armour         | 1 |  1.0
Dodging        | |  2.1
Spellcasting   | |  1.0
Hexes          | |  2.0

Action                     |  1- 3 |  4- 6 |  7- 9 || total
---------------------------+-------+-------+-------++-------
   Fire: Sling             |   138 |   220 |    21 ||   379
 Invoke: Heroism           |       |       |     2 ||     2
    Use: Scroll            |     4 |     6 |       ||    10
 Armour: Robe              |     2 |       |       ||     2
         Ring mail         |     8 |    20 |       ||    28
         Animal skin       |       |     7 |     3 ||    10
  Dodge: Dodged            |    39 |    60 |    14 ||   113

Table legend:
 A = Non-vault XP
 B = Vault XP
 C = Vault XP percentage of total XP
 D = Non-vault monster count
 E = Vault monster count
 F = Vault count percentage of total count
                 A         B        C        D         E       F
            +---------+---------+-------+---------+---------+-------
      Total |     537 |     310 |  36.6 |      85 |      20 |  19.0
            +---------+---------+-------+---------+---------+-------
        D:1 |      55 |       0 |   0.0 |      28 |       0 |   0.0
        D:2 |      46 |     233 |  83.5 |      16 |       2 |  11.1
        D:3 |      38 |      68 |  64.2 |      10 |      12 |  54.5
        D:4 |     198 |       9 |   4.3 |      23 |       6 |  20.7
        D:5 |     200 |       0 |   0.0 |       8 |       0 |   0.0
            +---------+---------+-------+---------+---------+-------
